 Dungeon Crawl Stone Soup version 0.28.0-1-gb440e238dd (webtiles) character file.

Game seed: 8961712056573316690

9 spaghetti the Sneak (level 2, -11/24 HPs)
             Began as a Mummy Delver on Feb 19, 2022.
             Mangled by an ogre (27 damage)
             ... on level 5 of the Dungeon.
             The game lasted 00:00:25 (65 turns).

spaghetti the Sneak (Mummy Delver)                    Turns: 65, Time: 00:00:26

Health: -11/24     AC:  3    Str: 15    XL:     2   Next: 3%
Magic:  2/2        EV: 11    Int:  9    God:
Gold:   0          SH:  0    Dex: 13    Spells: 1/1 levels left

rFire   x . .      SeeInvis .   a - +0 mace
rCold   + . .      Faith    .   (no shield)
rNeg    + + +      Spirit   .   b - +0 leather armour
rPois   ∞          Reflect  .   (no helmet)
rElec   .          Harm     .   (no cloak)
rCorr   .          Rampage  .   (no gloves)
Will    .....                   (no boots)
Stlth   ++........              (no amulet)
HPRegen 0.08/turn               (no ring)
MPRegen 0.08/turn               (no ring)

@: no status effects
A: cold resistance 1, negative energy resistance 3, torment resistance 2, heat
vulnerability 1, no potions
a: no special abilities


You were on level 5 of the Dungeon.
You visited 1 branch of the dungeon, and saw 2 of its levels.

Inventory:

Hand Weapons
 a - a +0 mace (weapon)
Armour
 b - a +0 leather armour (worn)
Wands
 f - a wand of digging (3)
Scrolls
 c - a scroll of fog


   Skills:
 - Level 3.0 Fighting
 + Level 2.2 Maces & Flails
 - Level 1.5 Dodging
 - Level 4.1 Stealth


You had one spell level left.
You didn't know any spells.
Your spell library was empty.

Dungeon Overview and Level Annotations

Branches:
Dungeon (6/15)
 Temple: D:4-7

Altars:


Innate Abilities, Weirdness & Mutations

You are immune to poison.
Your flesh is cold resistant. (rC+)
You are immune to negative energy. (rN+++)
You are immune to unholy pain and torment.
You are vulnerable to heat. (rF-)
You do not drink.


Message History

There is a stone staircase leading down here.
You climb downwards.
The water moccasin hisses angrily.
Found 20 gold pieces.
Found a stone staircase leading up.
There is a stone staircase leading up here.
Unknown command.
You climb upwards.
There is a stone staircase leading down here.
An ogre comes into view. It is wielding a +0 giant club.
The ogre shouts!
A hound comes into view.
You can't go down here!
A worm comes into view.
Found 16 gold pieces.
Found a stone staircase leading down.
An adder comes into view.
A bullfrog zombie comes into view.
There is a stone staircase leading down here.
You climb downwards.
There is a stone staircase leading up here.
Unknown command.
Unknown command.
A water moccasin is nearby!
Okay, then.
A killer bee comes into view.
The killer bee buzzes angrily.
You hear an angry buzzing noise. x3
You can't drink.
Unknown command.
As you read the scroll of fear, it crumbles to dust.
You assume a fearsome visage.
The killer bee looks frightened!
The water moccasin looks frightened!
A killer bee comes into view. x3; A wyvern zombie comes into view.
Cornered, the killer bee turns to fight!
The killer bee moves out of view.
There is a stone staircase leading up here.
The killer bee stings you. x2
You climb upwards.
The ogre hits you with a +0 giant club!!
Ouch! That really hurt!
You die...

,,,<,*,,**##.###....#..$.......##
,,,,,,,,,,......#..###...##...##
*,*,**,****.###.^..##########.#
,,*,**,* *,* ###...#### *.#
,**,**,****,* ##..O....### *.#
,,,,,,,,,**,* #..####....####.###
,,,,,,,,,**,*##.## ###.......w..
,,,,,,,,,##.##..#########........
,,,,,,,,,......O@y....###........
*******,,.......#####............
*,,.......* #####........
*,,.......* #$....... *,,.......*
#........ *,,.......* #........
*,,.......* ######### *,,.......*
*,,,,,,,,,*


You could see an ogre and a killer bee.

Vanquished Creatures
  An adder (D:5)
1 creature vanquished.

Notes
Turn   | Place    | Note
-------+----------+-------------------------------------------
     0 | D:5      | spaghetti the Mummy Delver began the quest for the Orb.
     0 | D:5      | Reached XP level 1. HP: 18/18 MP: 1/1
    11 | D:5      | Reached XP level 2. HP: 20/24 MP: 2/2
    18 | D:6      | Noticed a water moccasin
    35 | D:5      | Noticed an ogre
    59 | D:6      | Noticed a killer bee
    60 | D:6      | Noticed a killer bee
    60 | D:6      | Noticed a killer bee
    60 | D:6      | Noticed a killer bee
    65 | D:5      | Mangled by an ogre

Illustrated notes

Levels and vault maps discovered:
D:5:      layout_rooms
D:6:      layout_basic, mainiacjoe_overflow_alcove_4, kennysheep_generic_room_13

Skill      XL: |  1 |
---------------+----+-----
Maces & Flails | 2 |  2.2
Fighting       | |  3.0
Dodging        | |  1.5
Stealth        | |  4.1

Action                   || total
-------------------------++-------
Melee: Mace              ||     4
  Use: Scroll            ||     2
Dodge: Dodged            ||     3
